 Dungeon Crawl Stone Soup version 0.24-a0-416-g56ce5178b7 (webtiles) character file.

Game seed: 14876396260575114738

121994 theanonym the Eclecticist (level 16, 0/103 HPs)
             Began as a Deep Elf Conjurer on June 9, 2019.
             Was a High Priest of Vehumet.
             Slain by an anaconda (3 damage)
             ... on level 1 of the Snake Pit.
             The game lasted 01:32:47 (41446 turns).

theanonym the Eclecticist (Deep Elf Conjurer)      Turns: 41446, Time: 01:32:47

Health: 0/103      AC: 13    Str:  5    XL:     16   Next: 33%
Magic:  33/37      EV: 24    Int: 31    God:    Vehumet [*****.]
Gold:   340        SH: 14    Dex: 20    Spells: 17/45 levels left

rFire    + . .     SeeInvis .   b - +8 whip "Snakebite" {curare, rPois}
rCold    . . .     Gourm    .   Q - +2 shield
rNeg     . . .     Faith    .   i - +0 leather armour {rC+}
rPois    +         Spirit   .   g - +1 helmet {Int+3}
rElec    .         Reflect  .   z - +2 cloak
rCorr    .         Harm     .   D - +0 pair of gloves
MR       +....                  I - +2 pair of boots {Stlth+}
Stlth    ++++......             o - amulet of the acrobat
HPRegen  1.27/turn              P - ring of fire
MPRegen  0.25/turn              v - +3 ring of evasion

@: agile, lethally poisoned (0 -> 0), regenerating (expiring), constricted
A: no striking features
a: Renounce Religion


   Skills:
 - Level 12.6 Fighting
 - Level 5.0 Armour
 - Level 10.9 Dodging
 - Level 2.4 Stealth
 * Level 12.0 Shields
 - Level 15.0 Spellcasting
 - Level 10.0 Conjurations
 - Level 5.0 Charms
 - Level 5.0 Necromancy
 + Level 12.2 Fire Magic


You had 17 spell levels left.
You knew the following spells:

 Your Spells              Type           Power        Failure   Level  Hunger
a - Magic Dart            Conj           ####         1%          1    None
b - Flame Tongue          Conj/Fire      #####        1%          1    None
c - Sticky Flame          Conj/Fire      #######.     1%          4    None
d - Iskenderun's Mystic   Conj           ######..     1%          4    None
f - Fireball              Conj/Fire      #######...   1%          5    None
j - Ignition              Fire           #######...   43%         8    ######.
l - Blink                 Tloc           N/A          7%          2    None
r - Regeneration          Chrm/Necr      ######....   1%          3    None

Your spell library contained the following spells:

 Spells                   Type           Power        Failure   Level  Hunger
 Orb of Destruction       Conj           ######....   16%         7    #####..
 Animate Skeleton         Necr           N/A          1%          1    None
 Pain                     Necr           ####         1%          1    None
 Searing Ray              Conj           ######       1%          2    None
 Throw Flame              Conj/Fire      ######       1%          2    None
 Conjure Flame            Conj/Fire      #######.     1%          3    None
 Dazzling Spray           Conj/Hex       ######       1%          3    None
 Inner Flame              Hex/Fire       #######.     1%          3    None
 Mephitic Cloud           Conj/Pois/Air  #####...     1%          3    None
 Static Discharge         Conj/Air       ######..     1%          3    None
 Vampiric Draining        Necr           ######....   1%          3    None
 Force Lance              Conj/Tloc      ######..     1%          4    None
 Fulminant Prism          Conj/Hex       ######....   1%          4    None
 Beastly Appendage        Tmut           ###...       4%          1    None
 Lightning Bolt           Conj/Air       ######....   4%          5    None
 Animate Dead             Necr           N/A          5%          4    None
 Call Imp                 Summ           ###.....     7%          2    None
 Slow                     Hex            ###.....     7%          2    None
 Sticks to Snakes         Tmut           ###.....     7%          2    None
 Recall                   Summ/Tloc      N/A          13%         3    None
 Spider Form              Tmut/Pois      ###.......   13%         3    None
 Ice Form                 Ice/Tmut       ###.....     41%         4    None
 Aura of Abjuration       Summ           ###.......   77%         5    None
 Blade Hands              Tmut           ###.......   77%         5    None
 Summon Demon             Summ           ###.......   77%         5    None
 Summon Forest            Summ/Tloc      ###.......   77%         5    None
 Summon Mana Viper        Hex/Summ       ###.....     77%         5    None
 Shadow Creatures         Summ           N/A          100%        6    ###....
 Shatter                  Erth           ###.......   100%        9    #######
 Tornado                  Air            ###.......   100%        9    #######

Skill      XL: |  1  2  3  4  5  6  7  8  9 10 11 12 13 14 15 16 |
---------------+-------------------------------------------------+-----
Spellcasting   | 4 6 7 8 9 11 12 13 14 15 | 15.0
Conjurations   | 5 6 7 8 9 10 | 10.0
Dodging        | 4 6 8 9 10 | 10.9
Armour         | 2 4 5 |  5.0
Fire Magic     | 6 9 10 11 12 | 12.2
Fighting       | 1 4 6 8 10 12 | 12.6
Shields        | 4 7 9 11 12 | 12.0
Charms         | 5 |  5.0
Necromancy     | 5 |  5.0
Stealth        | |  2.4

Action                   |  1- 3 |  4- 6 |  7- 9 | 10-12 | 13-15 | 16-18 || total
-------------------------+-------+-------+-------+-------+-------+-------++-------
Melee: Dagger            |       |    13 |     1 |    21 |       |       ||    35
       Hand axe          |       |       |    41 |    48 |       |       ||    89
       Whip              |       |       |       |   135 |   381 |     3 ||   519
       Unarmed           |       |       |       |    33 |       |       ||    33
       Mace              |       |       |       |       |    42 |    53 ||    95
Throw: Throwing net      |       |       |       |     1 |     1 |       ||     2
 Cast: Magic Dart        |    67 |    68 |   235 |   176 |    64 |       ||   610
       Iskenderun's Myst |       |    17 |   103 |   278 |   285 |       ||   683
       Flame Tongue      |       |       |     3 |   199 |    92 |       ||   294
       Regeneration      |       |       |       |       |    14 |     3 ||    17
       Fireball          |       |       |       |       |   335 |   110 ||   445
       Sticky Flame      |       |       |       |       |    26 |    11 ||    37
Evoke: Wand              |       |       |     2 |    18 |     8 |       ||    28
       Box of beasts     |       |       |       |       |     6 |       ||     6
  Use: Scroll            |       |    11 |    12 |     8 |    10 |       ||    41
       Potion            |       |       |       |     2 |    10 |     1 ||    13
 Stab: Sleeping          |       |       |     2 |       |     4 |       ||     6
       Distracted        |       |       |       |     1 |       |       ||     1
       Confused          |       |       |       |     3 |       |       ||     3
       Held in net/web   |       |       |       |     1 |     1 |       ||     2
  Eat: Chunk             |     1 |     3 |    11 |    12 |    21 |     6 ||    54
       Ration            |       |     1 |     4 |     5 |    12 |     3 ||    25
Armor: Robe              |       |     8 |    13 |    79 |    85 |       ||   185
       Leather armour    |       |       |    14 |       |    25 |    17 ||    56
       Skin              |       |       |       |     3 |       |       ||     3
Dodge: Dodged            |     2 |    16 |   109 |   413 |   514 |    64 ||  1118
Block: Shield            |       |       |       |    43 |   335 |    80 ||   458

Inventory:

Hand Weapons
 a - the +4 mace of Mourning {freeze, rF+ Int+2}

   It has been specially enchanted to freeze those struck by it, causing extra
   injury to most foes and up to half again as much damage against particularly
   susceptible opponents.
   It can also slow down cold-blooded creatures.
   It affects your intelligence (+2).
   It protects you from fire.
 b - the +8 whip "Snakebite" (weapon) {curare, rPois}

   It poisons the flesh of those it strikes.
   It protects you from poison.
Armour
 g - a +1 helmet of intelligence (worn)
 h - +0 ice dragon scales
 i - a +0 leather armour of cold resistance (worn)
 p - a +2 robe of fire resistance
 z - a +2 cloak (worn)
 D - a +0 pair of gloves (worn)
 I - a +2 pair of boots of stealth (worn)
 Q - a +2 shield (worn)
Jewellery
 l - an uncursed ring of poison resistance
 o - an amulet of the acrobat (around neck)
 v - a +3 ring of evasion (right hand)
 G - an uncursed ring of resist corrosion
 L - an uncursed ring of protection from fire
 N - an uncursed ring of protection from cold
 P - a ring of fire (left hand)
Wands
 q - a wand of polymorph (19)
 x - a wand of iceblast (4)
 F - a wand of flame (20)
 J - a wand of disintegration (5)
Scrolls
 d - 4 scrolls of fear
 f - a scroll of fog
 n - 4 scrolls of remove curse
 r - a scroll of identify
 t - 11 scrolls of teleportation
 u - 3 scrolls of amnesia
 y - 2 scrolls of magic mapping
 B - 4 scrolls of blinking
 K - 5 scrolls of enchant weapon
Potions
 c - 4 potions of cancellation
 j - 4 potions of agility
 k - 5 potions of lignification
 m - 3 potions of might
 s - 3 potions of flight
 w - 4 potions of curing
 A - 2 potions of ambrosia
 C - 5 potions of mutation
Miscellaneous
 M - a phial of floods
Comestibles
 e - 32 rations


You were on level 1 of the Snake Pit.
You worshipped Vehumet.
Vehumet was extremely pleased with you.
You were very full.

You visited 5 branches of the dungeon, and saw 25 of its levels.
You also visited: Sewer and Ossuary.

You collected 2698 gold pieces.
You spent 2358 gold pieces at shops.

Dungeon Overview and Level Annotations

Branches:
Dungeon (15/15)            Temple (1/1) D:6            Lair (6/6) D:9
 Shoals (0/4) Lair:3        Snake (1/4) Lair:3        Slime (0/5) Lair:6
    Orc (2/2) D:12            Elf (0/3) Orc:2        Vaults (0/5) D:14
 Depths (0/5) D:15

Altars:
Ashenzari
Cheibriados
Dithmenos
Elyvilon
Fedhas
Hepliaklqana
Kikubaaqudgha
Makhleb
Okawaru
Qazlal
Ru
Trog
Uskayaw
Vehumet
Wu Jian
Xom
Zin
Beogh
Jiyva

Shops:
D:6 *   D:9 (   D:14 :   Orc:1 [   Orc:2 [[}*}

Portals:
Hell: Lair:6

Annotations:
D:12 1 runed translucent door, exclusion: orange crystal statue

##..N.#
##...NN###.
#..N.......
#..........
#........
.####......
..N...S..#
#S@.#
#..NN.##
.......#.
....... ..
....... ..(
.#####.
...[ ..
..#$. ).
###...


You could see 3 naga sharpshooters, an anaconda (burning), a naga ritualist, a
black mamba and 3 nagas.

Notes
Turn   | Place    | Note
-------+----------+-------------------------------------------
     0 | D:1      | theanonym the Deep Elf Conjurer began the quest for the
                  | Orb.
     0 | D:1      | Reached XP level 1. HP: 10/10 MP: 6/6
     0 | D:1      | theanonym: !lg . de win s=class
     0 | D:1      | meem: 3 games for theanonym (de win): 2x Fire Elementalist,
                  | Wizard
    89 | D:1      | Reached XP level 2. HP: 15/15 MP: 1/8
   592 | D:1      | Reached skill level 4 in Spellcasting
   601 | D:1      | Reached skill level 5 in Conjurations
   601 | D:1      | Reached XP level 3. HP: 15/19 MP: 4/10
  1045 | D:2      | Found a runed translucent door.
  1046 | D:2      | Noticed Crazy Yiuf
  1102 | D:2      | Found a sacrificial altar of Ru.
  1284 | D:2      | Noticed Sigmund
  1289 | D:2      | HP: 9/19 [Sigmund/+0 scythe (10)]
  1290 | D:2      | Killed Sigmund
  1290 | D:2      | Reached skill level 6 in Spellcasting
  1290 | D:2      | Reached skill level 6 in Conjurations
  1290 | D:2      | Reached XP level 4. HP: 11/24 MP: 3/14
  1290 | D:2      | Reached XP level 5. HP: 13/28 MP: 3/15
  1477 | D:2      | Found a burning altar of Makhleb.
  1881 | D:2      | Learned a level 4 spell: Iskenderun's Mystic Blast
  1882 | D:2      | Killed Crazy Yiuf
  1882 | D:2      | Reached XP level 6. HP: 32/32 MP: 12/17
  2100 | D:3      | Found a glowing drain.
  2120 | Sewer    | Entered a sewer
  2188 | Sewer    | Noticed Purgy
  2191 | Sewer    | Killed Purgy
  2191 | Sewer    | Reached skill level 7 in Spellcasting
  2382 | D:3      | Reached skill level 7 in Conjurations
  2434 | D:3      | Noticed Jessica
  2435 | D:3      | Noticed Robin
  2436 | D:3      | Killed Jessica
  2436 | D:3      | Noticed Terence
  2437 | D:3      | HP: 15/32 [goblin/+0 dagger[Robin] (5)]
  2647 | D:3      | Killed Terence
  2784 | D:3      | Killed Robin
  2898 | D:3      | Reached XP level 7. HP: 36/36 MP: 16/19
  3013 | D:3      | Noticed Grinder
  3029 | D:3      | Killed Grinder
  3029 | D:3      | Reached skill level 3 in Dodging
  3279 | D:3      | Reached skill level 8 in Spellcasting
  3520 | D:4      | HP: 12/36 [orc priest/divine providence (11)]
  3786 | D:4      | Reached skill level 4 in Dodging
  4003 | D:4      | Reached skill level 8 in Conjurations
  4021 | D:4      | Found an iron altar of Okawaru.
  4054 | D:4      | Reached XP level 8. HP: 41/41 MP: 7/22
  4273 | D:4      | Reached skill level 5 in Dodging
  4392 | D:4      | Reached skill level 9 in Spellcasting
  4546 | D:4      | Reached skill level 1 in Armour
  4868 | D:4      | Found a hide-covered altar of Uskayaw.
  4870 | D:4      | Found a glowing silver altar of Zin.
  4957 | D:5      | Entered Level 5 of the Dungeon
  5344 | D:5      | Noticed Ijyb
  5346 | D:5      | Killed Ijyb
  5446 | D:6      | Reached skill level 2 in Armour
  5603 | D:6      | Reached skill level 6 in Dodging
  5753 | D:6      | Reached skill level 9 in Conjurations
  5923 | D:6      | Found a sand-covered staircase.
  5930 | Ossuary  | Entered an ossuary
  5968 | Ossuary  | Reached XP level 9. HP: 31/45 MP: 3/24
  6264 | Ossuary  | HP: 22/45 [wraith (12)]
  6424 | Ossuary  | Reached skill level 10 in Spellcasting
  6527 | Ossuary  | Reached skill level 3 in Armour
  6844 | D:5      | Found a bloodstained altar of Trog.
  6845 | D:5      | Found an ornate altar of the Wu Jian Council.
  7103 | D:5      | Reached skill level 7 in Dodging
  7375 | D:6      | Found a shadowy altar of Dithmenos.
  7423 | D:6      | Found Qisocotesk's Assorted Antiques.
  7453 | D:6      | Found a staircase to the Ecumenical Temple.
  7462 | Temple   | Entered the Ecumenical Temple
  7468 | Temple   | Became a worshipper of Vehumet
  8713 | D:7      | Found a runed translucent door.
  8826 | D:7      | Noticed Avack's ghost (novice VSSk)
  9209 | D:7      | Killed Avack's ghost
  9209 | D:7      | Reached skill level 4 in Armour
  9209 | D:7      | Reached skill level 8 in Dodging
  9209 | D:7      | Reached skill level 11 in Spellcasting
  9209 | D:7      | Reached skill level 10 in Conjurations
  9373 | D:8      | Found a transporter.
  9376 | D:8      | Noticed a moth of wrath
  9379 | D:8      | Found a transporter.
  9386 | D:8      | Found a bloodstained altar of Trog.
  9409 | D:8      | Identified the cursed +1 dire flail of Prudence {freeze,
                  | MR- Str+8}
  9410 | D:8      | Noticed incide's ghost (novice GnWn)
  9488 | D:8      | Reached * piety under Vehumet
  9488 | D:8      | Offered knowledge of Flame Tongue by Vehumet.
  9491 | D:8      | Learned a level 1 spell: Flame Tongue
  9761 | D:9      | Reached XP level 10. HP: 50/50 MP: 22/27
  9784 | D:9      | HP: 25/50 [black bear (3)]
  9789 | D:8      | Reached skill level 1 in Fire Magic
 10202 | D:9      | Reached skill level 2 in Fire Magic
 10413 | D:9      | Offered knowledge of Freeze by Vehumet.
 10452 | D:9      | Reached skill level 3 in Fire Magic
 10454 | D:9      | Reached ** piety under Vehumet
 10631 | D:9      | Reached skill level 4 in Fire Magic
 10652 | D:9      | Reached skill level 5 in Armour
 10655 | D:9      | Reached skill level 9 in Dodging
 10656 | D:9      | HP: 23/50 [scorpion (8)]
 10830 | D:9      | Reached skill level 5 in Fire Magic
 10939 | D:9      | Found a shimmering altar of Xom.
 10995 | D:9      | Reached skill level 1 in Fighting
 11259 | D:6      | Bought a long jewelled staff for 288 gold pieces
 11262 | D:6      | Bought a scroll of magic mapping for 84 gold pieces
 11262 | D:6      | Bought a potion of heal wounds for 120 gold pieces
 11399 | D:9      | Found Cineateu's Weapon Shoppe.
 11483 | D:9      | Found a staircase to the Lair.
 11642 | D:10     | Entered Level 10 of the Dungeon
 11779 | D:10     | Offered knowledge of Ignite Poison by Vehumet.
 11805 | D:10     | Reached skill level 12 in Spellcasting
 11857 | D:10     | Noticed Joseph
 11881 | D:10     | HP: 26/52 [Joseph/+0 quarterstaff (3)]
 11886 | D:10     | Killed Joseph
 11886 | D:10     | Reached skill level 6 in Fire Magic
 12060 | D:10     | Noticed a gargoyle
 12070 | D:10     | Killed a gargoyle
 12209 | D:10     | Reached XP level 11. HP: 57/57 MP: 12/29
 12516 | D:10     | Reached skill level 2 in Fighting
 12809 | D:10     | Reached *** piety under Vehumet
 12869 | D:10     | Noticed Sonja
 12872 | D:10     | Killed Sonja
 13182 | D:10     | HP: 27/58 [orc priest/divine providence (17)]
 13359 | D:11     | Reached skill level 7 in Fire Magic
 13539 | D:11     | Offered knowledge of Inner Flame by Vehumet.
 13638 | D:11     | HP: 18/59 [orc warrior/+0 long sword (12)]
 13900 | D:11     | Noticed Erica
 13907 | D:11     | Killed Erica
 13907 | D:11     | Reached skill level 10 in Dodging
 14085 | D:11     | Reached skill level 3 in Fighting
 14213 | D:11     | Noticed Harold
 14218 | D:11     | Reached skill level 8 in Fire Magic
 14219 | D:11     | Noticed a two-headed ogre
 14224 | D:11     | Killed Harold
 14225 | D:11     | Killed a two-headed ogre
 14244 | D:11     | Reached **** piety under Vehumet
 14599 | D:11     | Reached skill level 13 in Spellcasting
 14655 | D:11     | Offered knowledge of Lee's Rapid Deconstruction by Vehumet.
 14692 | D:11     | Reached skill level 9 in Fire Magic
 14747 | D:11     | Noticed Snorg
 14774 | D:11     | Killed Snorg
 14774 | D:11     | Reached skill level 4 in Fighting
 14852 | D:11     | Reached XP level 12. HP: 66/66 MP: 8/31
 14888 | D:11     | HP: 30/66 [yak (6)]
 14899 | D:11     | HP: 18/66 [yak (6)]
 14910 | D:11     | HP: 14/66 [yak (6)]
 15345 | D:11     | You fall into a shaft and drop 2 floors!
 15618 | D:12     | Reached skill level 10 in Fire Magic
 15726 | D:12     | Reached ***** piety under Vehumet
 15726 | D:12     | Offered knowledge of Bolt of Magma by Vehumet.
 15728 | D:12     | Reached skill level 1 in Shields
 15945 | D:12     | Paralysed by a hornet for 2 turns
 16270 | D:12     | Reached skill level 5 in Fighting
 16274 | D:12     | Reached skill level 2 in Shields
 16539 | D:12     | Found the +10 large shield of Ignorance {rN+ Int-4}
 16756 | D:12     | Reached skill level 14 in Spellcasting
 16916 | D:12     | Reached skill level 3 in Shields
 17129 | D:12     | Noticed Azrael
 17138 | D:12     | HP: 33/69 [burnt (4)]
 17139 | D:12     | Killed Azrael
 17139 | D:12     | Reached skill level 6 in Fighting
 17143 | D:12     | HP: 15/70 [burnt (2)]
 17618 | D:12     | Reached skill level 4 in Shields
 17828 | D:12     | Found a runed translucent door.
 17857 | D:12     | Found a runed translucent door.
 17932 | D:12     | Found a runed translucent door.
 17932 | D:12     | Noticed Erolcha
 17944 | D:12     | Killed Erolcha
 18043 | D:12     | Found a runed translucent door.
 18044 | D:12     | Noticed an ettin
 18045 | D:12     | Noticed an ettin
 18046 | D:12     | Noticed a lich
 18046 | D:12     | Noticed Ds27's ghost (journeyman DsBe)
 18057 | D:12     | Found a staircase to the Orcish Mines.
 18382 | D:11     | Found a roughly hewn altar of Beogh.
 18522 | Lair:1   | Entered Level 1 of the Lair of Beasts
 18522 | Lair:1   | Noticed Grum
 18527 | Lair:1   | Killed Grum
 18758 | Lair:1   | Learned a level 3 spell: Regeneration
 18845 | Lair:1   | Reached XP level 13. HP: 47/75 MP: 14/33
 19011 | Lair:1   | Reached skill level 1 in Charms
 19129 | Lair:1   | Reached skill level 1 in Necromancy
 19142 | Lair:1   | Noticed Gastronok
 19154 | Lair:1   | HP: 37/75 [Gastronok/the air (25)]
 19641 | Lair:1   | Got a shimmering helmet
 19823 | Lair:1   | Noticed Urug
 19846 | Lair:1   | HP: 28/75 [Urug/+4 eveningstar of freezing (19)]
 19847 | Lair:1   | Killed Urug
 20188 | Lair:1   | Killed Gastronok
 20188 | Lair:1   | Reached skill level 15 in Spellcasting
 20188 | Lair:1   | Reached skill level 2 in Charms
 20188 | Lair:1   | Reached skill level 2 in Necromancy
 20191 | Lair:1   | Identified the cursed +0 helmet "Pepothuo" {Str+6 Int-4
                  | Dex+3} (You found it on level 1 of the Lair of Beasts)
 20346 | Lair:2   | Reached skill level 3 in Charms
 20570 | Lair:2   | Reached skill level 5 in Shields
 20570 | Lair:2   | Reached skill level 3 in Necromancy
 20715 | Lair:2   | Reached skill level 7 in Fighting
 20715 | Lair:2   | Reached skill level 4 in Charms
 21136 | Lair:2   | Reached skill level 4 in Necromancy
 21139 | Lair:2   | Reached skill level 5 in Charms
 21450 | Lair:2   | HP: 38/76 [black mamba (17)]
 21455 | Lair:2   | HP: 31/76 [poisoned by a black mamba]
 21460 | Lair:2   | HP: 27/76 [poisoned by a black mamba]
 21497 | Lair:2   | HP: 34/76 [water moccasin (3)]
 21740 | Lair:2   | Found the +8 whip "Snakebite" {curare, rPois}
 22445 | Lair:3   | Found a staircase to the Snake Pit.
 22474 | Lair:3   | Reached skill level 5 in Necromancy
 22615 | Lair:3   | Reached skill level 6 in Shields
 23024 | Lair:3   | HP: 35/78 [blink frog (16)]
 23026 | Lair:3   | Reached skill level 8 in Fighting
 23032 | Lair:3   | HP: 25/78 [blink frog (9)]
 23762 | Lair:3   | Found a staircase to the Shoals.
 24172 | Lair:4   | Reached skill level 7 in Shields
 24385 | Lair:4   | Reached XP level 14. HP: 82/84 MP: 29/35
 24848 | Lair:4   | Offered knowledge of Fireball by Vehumet.
 24882 | Lair:4   | HP: 36/84 [catoblepas (20)]
 24890 | Lair:4   | HP: 34/84 [catoblepas/blast of calcifying dust (4)]
 24901 | Lair:4   | HP: 24/84 [catoblepas/blast of calcifying dust (5)]
 24908 | Lair:4   | HP: 22/84 [catoblepas/blast of calcifying dust (3)]
 24916 | Lair:4   | Reached skill level 9 in Fighting
 26358 | Lair:5   | Reached skill level 8 in Shields
 26910 | Lair:6   | Entered Level 6 of the Lair of Beasts
 26990 | Lair:5   | Learned a level 5 spell: Fireball
 27676 | Lair:6   | Reached skill level 10 in Fighting
 27891 | Lair:6   | Reached skill level 9 in Shields
 28287 | Lair:6   | HP: 44/88 [yak (6)]
 28595 | Lair:6   | Found a viscous altar of Jiyva.
 28595 | Lair:6   | Found a staircase to the Slime Pits.
 28761 | Lair:6   | HP: 21/88 [dire elephant (30)]
 28763 | Lair:6   | HP: 4/88 [dire elephant (18)]
 29663 | Lair:6   | Found a burning altar of Makhleb.
 29674 | Lair:6   | Found a gateway to Hell.
 29950 | D:8      | Reached ****** piety under Vehumet
 29981 | D:8      | Killed incide's ghost
 30256 | D:13     | Reached XP level 15. HP: 92/93 MP: 20/36
 30267 | D:13     | Offered knowledge of Conjure Ball Lightning by Vehumet.
 30267 | D:13     | Reached skill level 10 in Shields
 30843 | D:13     | Reached skill level 11 in Fighting
 30961 | D:13     | Learned a level 4 spell: Sticky Flame
 31075 | D:13     | You fall into a shaft and drop 2 floors!
 31075 | D:15     | Entered Level 15 of the Dungeon
 31706 | D:14     | HP: 46/95 [+4 long sword (5)]
 31731 | D:14     | HP: 31/95 [??? (29)]
 32121 | D:13     | HP: 41/95 [??? (38)]
 32260 | D:13     | Identified the +4 mace of Mourning {freeze, rF+ Int+2}
 32702 | D:14     | Found Faral's Book Boutique.
 32703 | D:14     | Found a gate to the Vaults.
 33002 | D:14     | Bought a book of the Tempests for 1190 gold pieces
 33012 | D:14     | Learned a level 8 spell: Ignition
 34318 | D:15     | Reached skill level 11 in Shields
 34485 | D:15     | HP: 45/96 [orc warrior/+0 dire flail (18)]
 35006 | D:15     | Found a staircase to the Depths.
 35039 | D:15     | Reached skill level 12 in Fighting
 35043 | D:15     | Reached skill level 11 in Fire Magic
 35843 | D:12     | HP: 48/96 [orc warrior/+0 battleaxe[an orange crystal
                  | statue] (5)]
 35848 | D:12     | HP: 39/96 [poisoned by a worker ant]
 35854 | D:12     | HP: 39/96 [poisoned by a worker ant]
 35862 | D:12     | HP: 39/96 [poisoned by a worker ant]
 36982 | D:12     | Offered knowledge of Ozocubu's Refrigeration by Vehumet.
 37041 | D:12     | Killed Ds27's ghost
 37241 | D:12     | Noticed an Executioner
 37241 | D:12     | Killed a lich
 37336 | Orc:1    | Entered Level 1 of the Orcish Mines
 37520 | Orc:2    | Entered Level 2 of the Orcish Mines
 37520 | Orc:2    | Found a staircase to the Elven Halls.
 37676 | Orc:1    | Found Ocadivust's Antique Armour Shoppe.
 37797 | Orc:1    | Bought a runed scarf for 248 gold pieces
 38181 | Orc:2    | Reached XP level 16. HP: 101/101 MP: 8/37
 38925 | Orc:2    | Found Darabb's Armour Shop.
 38938 | Orc:2    | Offered knowledge of Orb of Destruction by Vehumet.
 39017 | Orc:2    | p0werm0de: russian bot !!
 39017 | Orc:2    | p0werm0de: use !quitmeem
 39017 | Orc:2    | p0werm0de: !quitmeem
 39017 | Orc:2    | meem: User p0werm0de is already unsubscribed
 39017 | Orc:2    | p0werm0de: ;P
 39311 | Orc:2    | HP: 47/103 [orc warrior/+0 dire flail (19)]
 39392 | Orc:2    | HP: 51/103 [poisoned by an orc knight]
 39399 | Orc:2    | HP: 51/103 [poisoned by an orc knight]
 40199 | Orc:2    | Found Jiuxiq's Armour Shoppe.
 40200 | Orc:2    | Found Uxzizob's Gadget Shoppe.
 40200 | Orc:2    | Found Fotut's General Store.
 40201 | Orc:2    | Found Maskaot's Gadget Shoppe.
 40210 | Orc:2    | Bought a book of Minor Magic for 260 gold pieces
 40213 | Orc:2    | Learned a level 2 spell: Blink
 40548 | Snake:1  | Entered Level 1 of the Snake Pit
 40551 | Snake:1  | Reached skill level 12 in Fire Magic
 40871 | D:6      | Bought a ring of evasion for 48 gold pieces
 40875 | D:6      | Bought a granite ring for 120 gold pieces
 41391 | Lair:3   | Reached skill level 12 in Shields
 41445 | Snake:1  | HP: 38/103 [naga sharpshooter/arrow (17)]
 41446 | Snake:1  | HP: 5/103 [naga sharpshooter/arrow (24)]
 41446 | Snake:1  | Slain by an anaconda

Vanquished Creatures
  A lich (D:12)
  Gastronok (Lair:1)
  2 dire elephants (Lair:6)
  Azrael (D:12)
  Snorg (D:11)
  The ghost of Ds27 the Cleaver, a journeyman DsBe of Trog (D:12)
  3 ettins
  Erolcha (D:12)
  12 hydras
  Harold (D:11)
  2 death knights
  2 anacondas (Snake:1)
  Erica (D:11)
  3 centaur warriors
  2 catoblepae
  6 two-headed ogres
  2 dancing weapons (D:14)
  6 death yaks
  3 tengu warriors (D:15)
  An ogre mage (D:15)
  A naga sharpshooter (Snake:1)
  5 orc high priests (Orc:2)
  Urug (Lair:1)
  Sonja (D:10)
  The ghost of incide the Charlatan, a novice GnWn of Ashenzari (D:8)
  A deep troll (D:15)
  2 skeletal warriors (D:12)
  2 unseen horrors (D:12)
  A sixfirhy (Lair:6)
  A naga ritualist (Snake:1)
  A deep elf archer (D:15)
  A wizard (Lair:6)
  2 orange crystal statues (D:12)
  A lindwurm (Lair:6)
  3 mana vipers
  7 orc knights
  A wolf spider zombie (D:14)
  A necromancer (D:12)
  The ghost of Avack the Carver, a novice VSSk of Uskayaw (D:7)
  2 oklob plants (Lair:1)
  A salamander (Lair:6)
  A manticore (D:12)
  6 cyclopes
  6 elephants (Lair:6)
  A merfolk siren (Lair:3)
  A moth of wrath (D:8)
  Joseph (D:10)
  3 centaur zombies
  9 black mambas
  A water nymph (shapeshifter) (D:14)
  2 orange demons (Lair:6)
  9 spiny frogs
  An efreet (D:13)
  2 gargoyles
  6 komodo dragons
  3 kobold demonologists
  2 rime drakes (Lair:6)
  A tengu conjurer (D:13)
  2 ice devils (Lair:6)
  A hellwing (Lair:6)
  A queen bee (D:12)
  3 meliai (D:15)
  3 polar bears
  11 trolls
  A red devil (Lair:6)
  3 hornets
  Grinder (D:3)
  24 blink frogs
  9 slime creatures
  9 hippogriffs
  7 dream sheep (Lair:4)
  Sigmund (D:2)
  5 wyverns
  A shadow (D:11)
  4 vampires
  7 wraiths
  A steam dragon (D:15)
  Grum (Lair:1)
  4 fire bats (Lair:6)
  66 yaks
  A basilisk (Lair:5)
  5 fire elementals (D:12)
  4 vampire mosquitoes (D:11)
  2 hungry ghosts
  2 acid dragons (D:15)
  A warg (Orc:2)
  20 water moccasins
  5 hell hounds
  8 porcupines
  44 orc warriors
  Purgy (Sewer)
  4 ice beasts
  A meliai simulacrum (D:15)
  A phantom (D:5)
  2 black bears
  5 sky beasts
  15 ogres
  6 necrophages
  An eye of draining (D:12)
  2 centaurs
  12 wolves
  11 crocodiles
  7 big kobolds
  10 bullfrogs
  A gnoll sergeant (D:8)
  7 scorpions
  A wyvern skeleton (D:13)
  26 killer bees
  20 wights
  An electric eel (Lair:3)
  A howler monkey (D:6)
  11 crimson imps
  2 quasits
  4 bullfrog zombies
  7 jellies
  36 orc priests
  Crazy Yiuf (D:2)
  5 centaur skeletons
  8 hounds
  22 orc wizards
  2 bullfrog skeletons
  Jessica (D:3)
  Ijyb (D:5)
  Terence (D:3)
  5 iguanas
  11 worker ants
  A killer bee zombie (D:10)
  2 hound zombies
  A mummy (D:6)
  Robin (D:3)
  3 worker ant zombies
  8 gnolls
  12 adders
  5 shadow imps
  An ooze (D:2)
  2 adder skeletons (D:4)
  4 adder zombies
  3 worms
  4 dart slugs
  8 leopard geckos
  103 orcs
  5 giant cockroaches
  8 goblins
  10 hobgoblins
  7 jackals (D:1)
  23 kobolds
  4 quokkas
  3 ball pythons
  A ball python skeleton (Ossuary)
  6 bats
  10 frilled lizards
  2 hobgoblin skeletons (Ossuary)
  2 jackal zombies (D:6)
  A kobold zombie (Ossuary)
  A leopard gecko skeleton (D:3)
  An orc skeleton (Ossuary)
  A quokka skeleton (D:4)
  7 rats
  2 fungi
  A plant (Lair:1)
906 creatures vanquished.

Vanquished Creatures (others)
  An unseen horror (D:15)
  A butterfly (Lair:1)
  12 fungi
  26 plants
  2 withered plants (D:7)
42 creatures vanquished.

Grand Total: 948 creatures vanquished

Table legend:
 A = Turns spent in this place as a percentage of turns spent in the entire game.
 B = Non-inter-level travel turns spent in this place as a percentage of non-inter-level travel turns spent in the entire game.
 C = Inter-level travel turns spent in this place as a percentage of turns spent in this place.
 D = Turns resting spent in this place as a percentage of non-inter-level travel turns spent in this place.
 E = Turns spent auto-exploring this place as a percentage of non-inter-level travel turns spent in this place.
 F = Non-inter-level travel turns spent in this place divided by the number of levels of this place that you've seen.
                   A       B       C       D       E      F
               +-------+-------+-------+-------+-------+----------------------
         Total | 100.0 | 100.0 |   6.5 |  50.4 |  34.7 | 1434.7
       Dungeon |  61.3 |  61.1 |   6.8 |  50.8 |  34.4 | 1576.8
        Temple |   0.0 |   0.0 |  38.5 |   0.0 |   0.0 |   8.0
          Lair |  29.2 |  29.1 |   6.9 |  48.1 |  37.7 | 1877.0
     Snake Pit |   0.1 |   0.1 |   0.0 |   0.0 |   0.0 |  25.0
  Orcish Mines |   7.2 |   7.4 |   4.3 |  56.1 |  28.5 | 1434.0
         Sewer |   0.6 |   0.6 |   0.0 |  33.3 |  47.4 | 234.0
       Ossuary |   1.7 |   1.8 |   0.0 |  61.2 |  19.8 | 688.0
               +-------+-------+-------+-------+-------+----------------------
